[Event "Titled Tuesday Blitz June 14 Early 2022"]
[White "Lewtak, Damian"]
[Black "Bharath Subramaniyam H"]
[WhiteFideId "1141724"]
[BlackFideId "46634827"]
[WhiteElo "2379"]
[BlackElo "2242"]
[Result "0-1"]
[Round "05"]
[TimeControl "180+1"]
[Date "2022.06.14"]
[WhiteClock "0:00:03"]
[BlackClock "0:00:11"]

1. e4 c5 2. Nf3 e6 3. b3 b6 4. Bd3 Bb7 5. O-O Nc6 6. Bb2 Nge7 7. c3 Ng6 8. Bc2 Be7 9. a3 O-O 10. d4 cxd4 11. cxd4 d5 12. e5 Ba6 13. Re1 Rc8 14. Nbd2 Nf4 15. Nf1 Na5 16. Ng3 Qd7 17. Qd2 Nd3 18. Bxd3 Nxb3 19. Qd1 Nxa1 20. Bxa6 Nc2 21. Bxc8 Rxc8 22. Rf1 Bxa3 23. Bxa3 Nxa3 24. Nh5 h6 25. Nd2 Qe7 26. f4 Qh4 27. Ng3 Nc2 28. Qc1 Qd8 29. Qb2 a5 30. Rc1 Nb4 31. Rxc8 Qxc8 32. h3 Qc2 33. Qxc2 Nxc2 34. Ne2 b5 35. Kf2 b4 36. Nc1 a4 37. Ke2 Nxd4+ 38. Kd3 Nc6 39. Ne2 Kf8 40. Nd4 Na5 41. Nc2 Nc6 42. Nf3 b3 43. Na3 Ke7 44. Nd4 Nb4+ 45. Kc3 Na2+ 46. Kd3 Kd7 47. Ndb5 Nb4+ 48. Kd4 Nc2+ 49. Kc3 Ne3 50. g3 Nf1 51. g4 Ng3 52. Kb4 Ne2 53. Kxa4 Nxf4 54. Nd4 b2 55. Kb3 Nxh3 56. Kxb2 Nf2 57. g5 hxg5 58. Kc3 g4 59. Kd2 g3 60. Ke3 Ng4+ 61. Kf3 Nxe5+ 62. Kxg3 Ke7 63. Kf4 Nd3+ 64. Ke3 Nc5 65. Nac2 g6 66. Kf4 f6 67. Ke3 e5 68. Nc6+ Kd6 69. N6b4 f5 70. Kf3 d4 71. Na2 e4+ 72. Kf4 Ne6+ 73. Kg3 d3 74. Ne1 d2 0-1


[Site "https://www.chess.com"]

[Event "Titled Tuesday Blitz June 14 Early 2022"]
[White "Livaic, Leon"]
[Black "Taspinar, Yanki"]
[WhiteFideId "14531534"]
[BlackFideId "34561188"]
[WhiteElo "2540"]
[BlackElo "1518"]
[Result "1-0"]
[Round "05"]
[TimeControl "180+1"]
[Date "2022.06.14"]
[WhiteClock "0:00:13"]
[BlackClock "0:00:05"]

1. d4 d5 2. c4 e6 3. Nc3 c6 4. Nf3 dxc4 5. e3 b5 6. a4 Bb4 7. Bd2 a5 8. axb5 Bxc3 9. Bxc3 cxb5 10. b3 Bb7 11. bxc4 b4 12. Bb2 Nf6 13. c5 O-O 14. Bb5 Bc6 15. Ba4 Qc7 16. O-O Bxa4 17. Qxa4 Nc6 18. Rfd1 Rfd8 19. h3 h6 20. Nd2 e5 21. Nc4 exd4 22. exd4 Nd5 23. Nd6 Nce7 24. Re1 Ng6 25. Re4 Nf6 26. Re3 Nf4 27. Rae1 N4d5 28. Re5 Rxd6 29. cxd6 Qxd6 30. Rc1 Nf4 31. Rc6 Qd7 32. Rec5 Qe7 33. Rc8+ Rxc8 34. Rxc8+ Kh7 35. Qc2+ g6 36. Qc7 Qe1+ 37. Kh2 Qe6 38. Qxf4 Nd5 39. Qb8 g5 40. Rh8+ Kg6 41. Qg8+ Kf5 42. Qh7+ Qg6 43. Qxg6+ Kxg6 44. Ra8 Kf5 45. Rxa5 Ke4 46. Kg3 Nf4 47. Rb5 Nd3 48. d5 f5 49. d6 f4+ 50. Kh2 Nxb2 51. d7 Nd3 52. d8=Q Nxf2 53. Qd5+ Ke3 54. Rxb4 Nd3 55. Rb3 Kf2 56. Qxd3 g4 57. Qd2+ Kf1 58. Rb1# 1-0


[Site "https://www.chess.com"]

[Event "Titled Tuesday Blitz June 14 Early 2022"]
[White "Maltsevskaya, Aleksandra"]
[Black "Matlakov, Maxim"]
[WhiteFideId "24174041"]
[BlackFideId "4168003"]
[WhiteElo "2243"]
[BlackElo "2669"]
[Result "0-1"]
[Round "05"]
[TimeControl "180+1"]
[Date "2022.06.14"]
[WhiteClock "0:00:03"]
[BlackClock "0:01:44"]

1. e4 c5 2. Nf3 d6 3. d4 cxd4 4. Nxd4 Nf6 5. Nc3 Nc6 6. Bg5 g6 7. Bb5 Bd7 8. Bxf6 exf6 9. O-O Bg7 10. Nde2 a6 11. Ba4 Be6 12. Nd4 Bd7 13. Nde2 Qb8 14. Nd5 b5 15. Bb3 O-O 16. Qd2 Re8 17. Ng3 h5 18. Rfe1 h4 19. Nf1 a5 20. a4 bxa4 21. Bxa4 Qa7 22. h3 Rab8 23. c3 Ne5 24. Bxd7 Qxd7 25. Qf4 Nd3 26. Qxh4 Nxe1 27. Rxe1 f5 28. Nfe3 Rxe4 29. Nf6+ Bxf6 30. Qxf6 Qe7 31. Qxe7 Rxe7 32. Rd1 Rxb2 33. Nc4 Rb5 34. Rxd6 Ra7 35. Rd1 a4 36. Ra1 Rc5 37. Nb2 a3 38. Nd1 a2 0-1


[Site "https://www.chess.com"]

[Event "Titled Tuesday Blitz June 14 Early 2022"]
[White "Matinian, Nikita"]
[Black "Sarana, Alexey"]
[WhiteFideId "24129100"]
[BlackFideId "24133795"]
[WhiteElo "2422"]
[BlackElo "2666"]
[Result "0-1"]
[Round "05"]
[TimeControl "180+1"]
[Date "2022.06.14"]
[WhiteClock "0:00:04"]
[BlackClock "0:00:37"]

1. e4 c5 2. Nf3 d6 3. Bb5+ Bd7 4. Bxd7+ Nxd7 5. O-O e6 6. c3 Ngf6 7. Qe2 Be7 8. d4 O-O 9. Rd1 cxd4 10. cxd4 b5 11. e5 dxe5 12. dxe5 Nd5 13. Qxb5 Qc7 14. Nc3 Nxc3 15. bxc3 Nb6 16. Be3 Nd5 17. Bd4 Rfb8 18. Qd3 Rc8 19. Rac1 Ba3 20. Ng5 g6 21. Qh3 h5 22. Rc2 Be7 23. Ne4 Rab8 24. g4 hxg4 25. Qxg4 Kg7 26. c4 Rh8 27. Nf6 Nxf6 28. exf6+ Bxf6 29. Bxf6+ Kxf6 30. h4 Rh5 31. Qd4+ Ke7 32. c5 Rd5 33. Qa1 Rxc5 34. Rcd2 Rb4 35. Qg7 Rg4+ 36. Kf1 Rf5 37. Qg8 Qc4+ 38. Rd3 Rd5 0-1


[Site "https://www.chess.com"]

[Event "Titled Tuesday Blitz June 14 Early 2022"]
[White "Oparin, Grigoriy"]
[Black "Avinash, Ramesh"]
[WhiteFideId "24125890"]
[BlackFideId "45018340"]
[WhiteElo "2639"]
[BlackElo "1875"]
[Result "1/2-1/2"]
[Round "05"]
[TimeControl "180+1"]
[Date "2022.06.14"]
[WhiteClock "0:00:06"]
[BlackClock "0:00:27"]

1. e4 e6 2. d4 d5 3. Nc3 Nf6 4. e5 Nfd7 5. f4 c5 6. Nf3 Nc6 7. Be3 cxd4 8. Nxd4 Bc5 9. Qd2 Nxd4 10. Bxd4 Bxd4 11. Qxd4 Qb6 12. Nb5 Qxd4 13. Nxd4 Ke7 14. Kd2 Nb8 15. Bd3 a6 16. b4 Bd7 17. a4 Nc6 18. c3 Nxd4 19. cxd4 Rhc8 20. Rhc1 h6 21. Rc5 Rc6 22. a5 Rcc8 23. Rf1 f5 24. exf6+ gxf6 25. f5 Rxc5 26. bxc5 e5 27. g3 e4 28. Be2 Rh8 29. Bh5 Bb5 30. Rg1 Rc8 31. Ke3 Rd8 32. Rg2 Rc8 33. Rb2 Rg8 34. Be2 Bc6 35. Kf4 Kd7 36. Rb1 Rg5 37. g4 Kc7 38. Rb3 Rg8 39. Rh3 Rh8 40. Rg3 Rg8 41. Bd1 Kd7 42. Rh3 Rh8 43. Ra3 Kc7 44. Ba4 h5 45. Bxc6 Kxc6 46. Rh3 Kb5 47. Rxh5 Re8 48. Ke3 Kxa5 49. Rh6 Rf8 50. Rh7 b5 51. cxb6 Kxb6 52. h4 a5 53. Rd7 a4 54. Rd6+ Kb5 55. Rxd5+ Kb4 56. Rd6 Ra8 57. Rxf6 Kb5 58. Rf7 Kb6 59. Rf6+ Kb5 60. Rf7 Kb6 61. Rf6+ Kb5 1/2-1/2


[Site "https://www.chess.com"]

[Event "Titled Tuesday Blitz June 14 Early 2022"]
[White "Paravyan, David"]
[Black "Galperin, Platon"]
[WhiteFideId "4194985"]
[BlackFideId "14165414"]
[WhiteElo "2569"]
[BlackElo "2432"]
[Result "1-0"]
[Round "05"]
[TimeControl "180+1"]
[Date "2022.06.14"]
[WhiteClock "0:00:04"]
[BlackClock "0:00:13"]

1. e4 e5 2. Nf3 Nc6 3. Nc3 Nf6 4. d4 exd4 5. Nxd4 g6 6. Be3 Bg7 7. Qd2 O-O 8. O-O-O Re8 9. f3 d5 10. Bb5 Bd7 11. exd5 Nb4 12. Bc4 c5 13. dxc6 bxc6 14. Rhe1 Qc7 15. Bh6 Bh8 16. Qf4 Qb6 17. Bg5 Nfd5 18. Rxe8+ Rxe8 19. Bxd5 Nxd5 20. Nxd5 cxd5 21. Qd2 a5 22. c3 a4 23. a3 Rb8 24. Be3 Qb7 25. g4 Be5 26. Re1 Bd6 27. Qc2 Qc7 28. h3 Qc4 29. Re2 Be5 30. Bf2 Bd6 31. Re1 Qa2 32. Qb1 Rxb2 33. Qxa2 Rxa2 34. Nc2 Bb5 35. Kb1 Bc4 36. Bd4 Kf8 37. g5 Bb3 38. Nb4 Rh2 39. Na6 Bxa3 40. Bc5+ Bxc5 41. Nxc5 h6 42. gxh6 Rxh3 43. Nd7+ Kg8 44. Nf6+ 1-0


[Site "https://www.chess.com"]

[Event "Titled Tuesday Blitz June 14 Early 2022"]
[White "Sadhwani, Raunak"]
[Black "Narayanan, Srinath"]
[WhiteFideId "35093487"]
[BlackFideId "5018420"]
[WhiteElo "2616"]
[BlackElo "2472"]
[Result "1-0"]
[Round "05"]
[TimeControl "180+1"]
[Date "2022.06.14"]
[WhiteClock "0:02:17"]
[BlackClock "0:00:54"]

1. e4 e5 2. Nf3 Nc6 3. Bb5 a6 4. Ba4 Bc5 5. c3 d6 6. d4 exd4 7. cxd4 Bb4+ 8. Nc3 Nf6 9. O-O O-O 10. Bg5 Bxc3 11. bxc3 Bg4 12. Qd3 h6 13. Bh4 Qe7 14. Rfe1 Rad8 15. Bxc6 bxc6 16. e5 dxe5 17. Nxe5 Qe6 18. Bxf6 gxf6 19. Ng6 Qf5 20. Ne7+ 1-0


[Site "https://www.chess.com"]

[Event "Titled Tuesday Blitz June 14 Early 2022"]
[White "Sanal, Vahap"]
[Black "Yang, Kaiqi"]
[WhiteFideId "6300545"]
[BlackFideId "8604398"]
[WhiteElo "2574"]
[BlackElo "2373"]
[Result "1-0"]
[Round "05"]
[TimeControl "180+1"]
[Date "2022.06.14"]
[WhiteClock "0:00:09"]
[BlackClock "0:00:07"]

1. c4 e6 2. Nc3 d5 3. d4 a6 4. g3 dxc4 5. Bg2 c5 6. d5 Nf6 7. Bg5 exd5 8. Nxd5 Be7 9. Nxe7 Qxe7 10. Qc2 h6 11. Bd2 Be6 12. Nh3 Nc6 13. Bxc6+ bxc6 14. Nf4 O-O 15. f3 Rab8 16. Bc3 Nd5 17. O-O Ne3 18. Qe4 Nxf1 19. Rxf1 Rfe8 20. Qxc6 f6 21. Qxa6 Bf7 22. e4 Ra8 23. Qc6 Rec8 24. Qb6 Qd7 25. e5 fxe5 26. Bxe5 Qc6 27. Qxc6 Rxc6 28. a3 Re8 29. Bc3 g5 30. Ng2 Re2 31. Rd1 Bh5 32. g4 Bg6 33. h4 Bd3 34. hxg5 hxg5 35. Rd2 Rce6 36. Rxe2 Rxe2 37. a4 Kf7 38. a5 Re6 39. Kf2 Ke7 40. Ne3 Kd7 41. Bg7 Kc6 42. Bc3 Kb5 43. Bd2 Re8 44. Kg3 Re6 45. Nd5 Re2 46. Nc3+ Ka6 47. Nxe2 Bxe2 48. Bxg5 Kxa5 49. Bd2+ Ka4 50. Bc3 Kb3 51. f4 Bd3 52. f5 Ka4 53. Kf4 Kb5 54. g5 Kc6 55. g6 1-0


[Site "https://www.chess.com"]

[Event "Titled Tuesday Blitz June 14 Early 2022"]
[White "Sargsyan, Anna M."]
[Black "Molina, Roberto Junio Brito"]
[WhiteFideId "13308130"]
[BlackFideId "2109450"]
[WhiteElo "2271"]
[BlackElo "2432"]
[Result "1-0"]
[Round "05"]
[TimeControl "180+1"]
[Date "2022.06.14"]
[WhiteClock "0:00:52"]
[BlackClock "0:00:20"]

1. d4 d5 2. c4 c6 3. Nc3 Nf6 4. Nf3 dxc4 5. a4 Bf5 6. Ne5 Nbd7 7. Nxc4 Nb6 8. Ne5 a5 9. Bf4 e6 10. e3 Nbd5 11. Bg3 Qb6 12. Nc4 Qb4 13. Qd2 Be7 14. Be2 O-O 15. O-O Rfd8 16. Qc1 Bf8 17. f3 Bg6 18. e4 Nxc3 19. bxc3 Qe7 20. Nb6 Ra7 21. Rb1 c5 22. Bf2 cxd4 23. cxd4 Qa3 24. Qc7 Re8 25. Bb5 Bd6 26. Qc2 Rd8 27. Rb3 1-0


[Site "https://www.chess.com"]

[Event "Titled Tuesday Blitz June 14 Early 2022"]
[White "Shirov, Alexei"]
[Black "Chen, Qi b"]
[WhiteFideId "2209390"]
[BlackFideId "8614733"]
[WhiteElo "2678"]
[BlackElo "2432"]
[Result "1-0"]
[Round "05"]
[TimeControl "180+1"]
[Date "2022.06.14"]
[WhiteClock "0:00:58"]
[BlackClock "0:00:09"]

1. e4 c5 2. Nc3 Nc6 3. Nge2 g6 4. d4 cxd4 5. Nxd4 Bg7 6. Be3 Nf6 7. Bc4 O-O 8. Bb3 d5 9. exd5 Na5 10. Qf3 Bg4 11. Qf4 Nxb3 12. axb3 Bh5 13. Qh4 Nxd5 14. g4 Nxe3 15. fxe3 e5 16. Qxd8 Rfxd8 17. Ne6 fxe6 18. gxh5 e4 19. Nxe4 Bxb2 20. Ra2 Be5 21. Rg1 Kg7 22. Rg5 Rd5 23. c4 Bc3+ 24. Ke2 Rxg5 25. Nxg5 gxh5 26. Nxe6+ Kh6 27. Nc7 Rg8 28. Rxa7 Rg2+ 29. Kf3 Rxh2 30. Rxb7 h4 31. Rb6+ Kh5 32. Rb5+ Kh6 33. Nd5 Be1 34. Nf4 Rf2+ 35. Kg4 Re2 36. Nxe2 1-0


[Site "https://www.chess.com"]

[Event "Titled Tuesday Blitz June 14 Early 2022"]
[White "Shubin, Kirill"]
[Black "Grischuk, Alexander"]
[WhiteFideId "34119962"]
[BlackFideId "4126025"]
[WhiteElo "2474"]
[BlackElo "2762"]
[Result "0-1"]
[Round "05"]
[TimeControl "180+1"]
[Date "2022.06.14"]
[WhiteClock "0:00:33"]
[BlackClock "0:00:43"]

1. e4 e6 2. d4 d5 3. Nc3 Nf6 4. Bg5 dxe4 5. Nxe4 Be7 6. Bxf6 gxf6 7. Qd2 c5 8. Nxc5 Bxc5 9. dxc5 Qxd2+ 10. Kxd2 a5 11. Re1 Ke7 12. Kc1 Bd7 13. Bd3 Bc6 14. Be4 Rc8 15. Nf3 Bxe4 16. Rxe4 Rxc5 17. Rh4 h5 18. Rd1 Nc6 19. Kb1 Rg8 20. g3 Rg4 21. Re1 Rf5 22. Re3 Ne5 23. Nxe5 fxe5 24. f3 Rxh4 25. gxh4 e4 26. Rxe4 Rxf3 27. b3 Rf5 28. Kb2 Kd6 29. Rd4+ Rd5 30. Rf4 f5 31. Rf2 Rd4 32. c4 Rxh4 33. Rd2+ Ke7 34. Ka3 f4 35. Ka4 f3 36. Kb5 Rf4 37. Rf2 e5 38. Kc5 Ke6 39. a3 Rf7 40. h4 e4 41. Kd4 Kf5 42. Ke3 Rd7 0-1


[Site "https://www.chess.com"]

[Event "Titled Tuesday Blitz June 14 Early 2022"]
[White "Sjugirov, Sanan"]
[Black "Samsonkin, Artiom"]
[WhiteFideId "4189302"]
[BlackFideId "13503111"]
[WhiteElo "2602"]
[BlackElo "2513"]
[Result "1/2-1/2"]
[Round "05"]
[TimeControl "180+1"]
[Date "2022.06.14"]
[WhiteClock "0:00:13"]
[BlackClock "0:00:19"]

1. e4 e6 2. d4 d5 3. e5 c5 4. c3 Nc6 5. Nf3 Qb6 6. a3 a5 7. Bd3 Bd7 8. Bc2 Qa6 9. h4 a4 10. h5 h6 11. Be3 Qb5 12. Ra2 Nge7 13. dxc5 Nf5 14. Bxf5 exf5 15. Nbd2 Bxc5 16. Bxc5 Qxc5 17. O-O O-O 18. Re1 Rfe8 19. Ra1 f4 20. Qc2 Bg4 21. Qd3 Bxh5 22. Qf5 Bxf3 23. Nxf3 d4 24. Rac1 d3 25. Qxd3 Nxe5 26. Nxe5 Rxe5 27. Qf3 Rxe1+ 28. Rxe1 Qb5 29. Re2 Rd8 30. Kh2 Rd3 31. Qg4 Rd5 32. Re7 Rh5+ 33. Kg1 Qd5 34. Rd7 Qe5 35. Rd1 Rg5 36. Qc8+ Kh7 37. Qxb7 Qe2 38. Qd7 f3 39. Qd3+ Qxd3 40. Rxd3 Rxg2+ 41. Kf1 Rh2 42. Rxf3 Rh1+ 43. Kg2 Rb1 44. Rf4 Rxb2 45. Rxa4 Rb3 46. c4 Rc3 47. Ra7 f5 48. Ra5 Kg6 49. c5 Kg5 50. Ra7 g6 51. Rc7 Rxa3 52. Rc8 Rc3 53. c6 f4 54. Kh2 h5 55. Kg2 Kg4 56. c7 f3+ 57. Kh2 g5 58. Kh1 Rc1+ 59. Kh2 h4 60. Rd8 Rxc7 61. Rd4+ Kh5 62. Rd3 Rf7 63. Kh3 g4+ 64. Kh2 Kg5 65. Rd5+ Rf5 66. Rd8 Kf4 67. Rd4+ Ke5 68. Rxg4 Rf4 69. Rg8 Ke4 70. Re8+ Kf5 71. Rf8+ Kg4 72. Rg8+ Kf5 73. Rf8+ Ke5 74. Re8+ Kd4 75. Kh3 Kd3 76. Re3+ Kd2 77. Re8 Kd1 78. Re3 Kd2 79. Re8 Kd3 80. Re3+ Kd4 81. Re8 Re4 82. Rxe4+ Kxe4 83. Kxh4 Ke5 84. Kg5 Ke4 85. Kg4 Ke5 86. Kg3 Ke4 87. Kg4 Ke5 88. Kxf3 Kf5 89. Kg3 Kg5 90. f4+ Kf5 91. Kf3 Kf6 92. Kg4 Kg6 93. f5+ Kf6 94. Kf4 Kf7 95. Kg5 Kg7 96. f6+ Kf7 97. Kf5 Kf8 98. Kg6 Kg8 99. f7+ Kf8 100. Kf6 1/2-1/2


[Site "https://www.chess.com"]

[Event "Titled Tuesday Blitz June 14 Early 2022"]
[White "Skliarov, Viktor"]
[Black "Pranesh M"]
[WhiteFideId "14106736"]
[BlackFideId "35028600"]
[WhiteElo "2229"]
[BlackElo "1902"]
[Result "1-0"]
[Round "05"]
[TimeControl "180+1"]
[Date "2022.06.14"]
[WhiteClock "0:00:03"]
[BlackClock "0:00:03"]

1. e4 e5 2. Nc3 Nc6 3. Bc4 Nf6 4. d3 Bb4 5. Bg5 h6 6. Bxf6 Qxf6 7. Ne2 d6 8. O-O Bg4 9. Nd5 Qd8 10. Nxb4 Nxb4 11. c3 Nc6 12. h3 Bh5 13. g4 Bg6 14. f4 Qh4 15. f5 Bh7 16. Kg2 h5 17. Qe1 Qg5 18. Qc1 Qh4 19. g5 f6 20. g6 Bg8 21. Bxg8 Rxg8 22. Ng1 O-O-O 23. Nf3 Qf4 24. Qxf4 exf4 25. Nd4 Ne5 26. Rad1 d5 27. Ne6 f3+ 28. Kg3 dxe4 29. dxe4 Rde8 30. Nd4 h4+ 31. Kf4 Nc4 32. b3 Ne5 33. Nxf3 Nd7 34. Nd4 Nc5 35. Rfe1 Re5 36. Nf3 Re7 37. e5 fxe5+ 38. Rxe5 Rxe5 39. Nxe5 Rf8 40. Nf7 Nd7 41. Kg5 Nf6 42. Kxh4 Re8 43. Kg5 b6 44. h4 Re4 45. Rg1 Ng8 46. h5 Kd7 47. h6 Ke7 48. h7 Nf6 49. h8=Q Kd7 50. Qxg7 1-0


[Site "https://www.chess.com"]

[Event "Titled Tuesday Blitz June 14 Early 2022"]
[White "Srihari L R"]
[Black "Terry, Renato"]
[WhiteFideId "46617116"]
[BlackFideId "3803457"]
[WhiteElo "2170"]
[BlackElo "2577"]
[Result "0-1"]
[Round "05"]
[TimeControl "180+1"]
[Date "2022.06.14"]
[WhiteClock "0:00:02"]
[BlackClock "0:00:39"]

1. d4 d5 2. c4 c6 3. Nf3 Nf6 4. Nbd2 g6 5. e3 Bg7 6. Bd3 O-O 7. O-O c5 8. dxc5 Nbd7 9. Nb3 dxc4 10. Bxc4 Qc7 11. Qc2 Ng4 12. h3 Nge5 13. Be2 b6 14. Nxe5 Nxe5 15. Bd2 Bf5 16. e4 Be6 17. Rac1 Rac8 18. f4 Nd7 19. c6 Nb8 20. f5 gxf5 21. exf5 Bxb3 22. Qxb3 Nxc6 23. Ba6 Rcd8 24. f6 exf6 25. Bf4 Qd7 26. Qg3 Ne5 27. h4 Kh8 28. h5 h6 29. Rce1 Qa4 30. Rxe5 fxe5 31. Bxe5 f6 32. Qg6 fxe5 33. Rxf8+ Rxf8 34. Bd3 Qd4+ 35. Kh1 Qh4+ 36. Kg1 e4 37. Bxe4 Bd4# 0-1


[Site "https://www.chess.com"]

[Event "Titled Tuesday Blitz June 14 Early 2022"]
[White "Stribuk, Artiom"]
[Black "Korchmar, Vasiliy"]
[WhiteFideId "13515659"]
[BlackFideId "24131750"]
[WhiteElo "2259"]
[BlackElo "2370"]
[Result "1/2-1/2"]
[Round "05"]
[TimeControl "180+1"]
[Date "2022.06.14"]
[WhiteClock "0:00:04"]
[BlackClock "0:00:03"]

1. d4 d5 2. c4 c6 3. Nf3 Nf6 4. g3 Bg4 5. Ne5 Bf5 6. Qb3 Qb6 7. cxd5 cxd5 8. Nc3 Nc6 9. e3 Nxe5 10. dxe5 Nd7 11. Nxd5 Qxb3 12. axb3 O-O-O 13. Bg2 Nxe5 14. Rxa7 Kb8 15. Ra4 e6 16. Nc3 Nd3+ 17. Ke2 Nc5 18. Rb4 Bd3+ 19. Ke1 Ba6 20. Rd4 Be7 21. Bf1 Nxb3 22. Bxa6 Nxd4 23. exd4 bxa6 24. Bf4+ Bd6 25. Be3 Rd7 26. Ke2 Rb7 27. Rb1 Rc8 28. Ne4 Be7 29. b3 Rc2+ 30. Kd3 Rc6 31. Nc5 Bxc5 32. dxc5 Rd7+ 33. Kc4 Kb7 34. b4 Kc8 35. Ra1 f6 36. b5 axb5+ 37. Kxb5 Kb7 38. Ra7+ Kxa7 39. Kxc6 Rd3 40. Kc7 e5 41. c6+ Ka6 42. Kc8 f5 43. c7 g6 44. Kb8 Rb3+ 45. Ka8 Rc3 46. Kb8 Rb3+ 47. Ka8 Rc3 48. Kb8 Rb3+ 1/2-1/2


[Site "https://www.chess.com"]

[Event "Titled Tuesday Blitz June 14 Early 2022"]
[White "Taboas Rodriguez, Daniel"]
[Black "Lashkin, Jegor"]
[WhiteFideId "2208466"]
[BlackFideId "13907808"]
[WhiteElo "2429"]
[BlackElo "2368"]
[Result "0-1"]
[Round "05"]
[TimeControl "180+1"]
[Date "2022.06.14"]
[WhiteClock "0:00:08"]
[BlackClock "0:00:45"]

1. d4 Nf6 2. Nf3 d5 3. c4 e6 4. Bg5 Bb4+ 5. Nc3 dxc4 6. e4 h6 7. Bxf6 Qxf6 8. Bxc4 c5 9. O-O O-O 10. e5 Qd8 11. Ne4 cxd4 12. Nxd4 Qc7 13. Qe2 Qxe5 14. Rad1 Nc6 15. Nxc6 bxc6 16. f4 Qc7 17. Rd3 Be7 18. Rg3 Rb8 19. Qh5 Kh8 20. Kh1 Rxb2 21. Ng5 Bf6 22. Bd3 Rd2 23. Ne4 Rxd3 24. Rxd3 Ba6 25. Rg3 Bxf1 26. Nxf6 Qxf4 27. Rf3 Qc1 0-1


[Site "https://www.chess.com"]

[Event "Titled Tuesday Blitz June 14 Early 2022"]
[White "Tarigan, Gilbert Elroy"]
[Black "Rodrigue-Lemieux, Shawn"]
[WhiteFideId "7108133"]
[BlackFideId "2620049"]
[WhiteElo "1908"]
[BlackElo "1763"]
[Result "0-1"]
[Round "05"]
[TimeControl "180+1"]
[Date "2022.06.14"]
[WhiteClock "0:00:02"]
[BlackClock "0:00:04"]

1. e4 c6 2. d4 d5 3. Nc3 dxe4 4. Nxe4 Nf6 5. Qd3 Nxe4 6. Qxe4 Nd7 7. Nf3 Nf6 8. Qf4 Nd5 9. Qe4 Nf6 10. Qf4 g6 11. Bc4 Bg7 12. O-O O-O 13. Qh4 Qa5 14. Bh6 Qh5 15. Qxh5 Nxh5 16. Bxg7 Nxg7 17. Rfe1 Be6 18. Bxe6 Nxe6 19. c3 Rad8 20. g3 Kg7 21. Re5 Rd7 22. Rae1 Re8 23. h4 Nc7 24. R5e2 f6 25. Nd2 Kf7 26. Ne4 b6 27. Kg2 Nd5 28. Nd2 Red8 29. Nb3 a5 30. Re6 Rd6 31. R6e2 a4 32. Nd2 R6d7 33. a3 Ra8 34. Nc4 Raa7 35. Re6 Rac7 36. Nd2 Rd6 37. R6e2 b5 38. Ne4 Rd8 39. Nc5 Ra7 40. Ne6 Rc8 41. Kf3 Nb6 42. Nc5 Nc4 43. Ne6 Rd7 44. Kg2 Ra8 45. Nc5 Rc7 46. Ne6 Rb7 47. Nc5 Rba7 48. Ne6 Rc8 49. Kh2 Nd6 50. Kg2 Nf5 51. Nc5 Rd8 52. Re6 Rc7 53. Na6 Rcc8 54. g4 Nxh4+ 55. Kg3 g5 56. Rxe7+ Kg8 57. Nc5 Ng6 58. Ra7 Re8 59. Re4 Nf4 60. Ree7 Rxe7 61. Rxe7 Rd8 62. Ne6 Nxe6 63. Rxe6 Kf7 64. Rxc6 Re8 65. Rc7+ Kg6 66. Rb7 h5 67. gxh5+ Kxh5 68. Rxb5 Re1 69. Rb4 Rg1+ 70. Kh2 Rb1 71. d5 Kg6 72. Rxa4 Rxb2 73. Kg2 Kf5 74. Ra6 Ke5 75. c4 Rc2 76. Re6+ Kf5 77. Rc6 g4 78. d6 Ke6 79. c5 f5 80. Rc7 f4 81. d7 Ke7 82. c6 g3 83. Rc8 Rxf2+ 84. Kh3 Rh2+ 85. Kg4 Rd2 86. Re8+ Kf7 87. Kh3 Rh2+ 88. Kg4 g2 89. Kf5 g1=Q 90. Rf8+ Kxf8 91. d8=Q+ Kg7 92. Qf6+ Kh7 93. Qf7+ Qg7 94. Qxg7+ Kxg7 95. Kxf4 Rc2 0-1


[Site "https://www.chess.com"]

[Event "Titled Tuesday Blitz June 14 Early 2022"]
[White "Todorovic, Bojan"]
[Black "Priasmoro, Novendra"]
[WhiteFideId "917087"]
[BlackFideId "7105029"]
[WhiteElo "2266"]
[BlackElo "2309"]
[Result "0-1"]
[Round "05"]
[TimeControl "180+1"]
[Date "2022.06.14"]
[WhiteClock "0:00:03"]
[BlackClock "0:01:11"]

1. d4 Nf6 2. c4 g6 3. Nc3 Bg7 4. e4 d6 5. Nf3 O-O 6. Be2 Na6 7. O-O e5 8. Be3 c6 9. d5 Ng4 10. Bg5 f6 11. Bc1 c5 12. Ne1 Nh6 13. Nd3 f5 14. f4 Nf7 15. exf5 Bxf5 16. g4 Bd7 17. f5 gxf5 18. gxf5 Kh8 19. Kh1 Bf6 20. Ne4 Rg8 21. Bh5 Ng5 22. Nxf6 Qxf6 23. Qe2 Rg7 24. Be3 Rag8 25. Bg1 Nh3 26. Qf3 Nxg1 27. Rxg1 Qxf5 28. Qe2 b5 29. Rxg7 Rxg7 30. Rf1 Qg5 31. b3 Nc7 32. Qf2 Bh3 33. Qf8+ Rg8 34. Qf6+ Qxf6 35. Rxf6 Bg2+ 36. Kg1 Bf3+ 37. Kf2 Bxh5 38. Rxd6 bxc4 39. bxc4 Rf8+ 40. Ke3 Rf3+ 41. Kd2 e4 42. Ne5 e3+ 43. Kd3 Rh3 44. Rd8+ Ne8 45. Rd7 e2+ 46. Kd2 e1=Q+ 47. Kxe1 Re3+ 48. Kf2 Rxe5 49. Rxa7 Nd6 50. Rc7 Be8 0-1


[Site "https://www.chess.com"]

[Event "Titled Tuesday Blitz June 14 Early 2022"]
[White "Vakhlamov, Igor L."]
[Black "Nakamura, Hikaru"]
[WhiteFideId "24126748"]
[BlackFideId "2016192"]
[WhiteElo "2401"]
[BlackElo "2850"]
[Result "0-1"]
[Round "05"]
[TimeControl "180+1"]
[Date "2022.06.14"]
[WhiteClock "0:00:02"]
[BlackClock "0:00:26"]

1. e4 g6 2. d4 Bg7 3. Nf3 c6 4. Nc3 d5 5. h3 dxe4 6. Nxe4 Nf6 7. Bd3 Bf5 8. Nxf6+ Bxf6 9. O-O Nd7 10. Bh6 Bxd3 11. Qxd3 Qa5 12. Rfe1 O-O-O 13. Bd2 Qf5 14. Qb3 h5 15. Qxf7 g5 16. Qe6 Qxe6 17. Rxe6 g4 18. hxg4 hxg4 19. Nh2 Bxd4 20. Be3 Bxb2 21. Rb1 g3 22. fxg3 Ba3 23. Nf3 Nb6 24. g4 Nd5 25. Bxa7 b6 26. Rxc6+ Kb7 27. Rcxb6+ Kxa7 28. R6b5 Rh6 29. Nd4 Ra6 30. R1b3 Bc1 31. Kf2 Nf6 32. Rb7+ Ka8 33. Ne6 Rxe6 34. R7b4 Ra6 35. Ke2 Bg5 36. Rb5 Rg8 37. Re5 Nxg4 38. Re4 Bf6 39. Rbb4 Ne5 40. g4 Rxa2 41. Rb5 Rxg4 42. Re3 Rxc2+ 43. Kd1 Ra2 44. Rc3 Rg1# 0-1


[Site "https://www.chess.com"]

[Event "Titled Tuesday Blitz June 14 Early 2022"]
[White "Wong, Yinn Long"]
[Black "Yilmaz, Mustafa"]
[WhiteFideId "5707684"]
[BlackFideId "6302718"]
[WhiteElo "2076"]
[BlackElo "2568"]
[Result "0-1"]
[Round "05"]
[TimeControl "180+1"]
[Date "2022.06.14"]
[WhiteClock "0:00:06"]
[BlackClock "0:01:15"]

1. e4 c5 2. Nc3 Nc6 3. f4 g6 4. Nf3 Bg7 5. Bb5 Nd4 6. O-O e6 7. d3 Ne7 8. Nxd4 cxd4 9. Ne2 O-O 10. Ba4 d5 11. e5 Nf5 12. c3 dxc3 13. bxc3 b5 14. Bc2 a5 15. d4 b4 16. g4 Nh4 17. Bd3 Ba6 18. Be3 h5 19. gxh5 Nf5 20. Bf2 Bxd3 21. Qxd3 gxh5 22. Rab1 Rb8 23. Kh1 Kh8 24. Qf3 Bh6 25. Qxh5 Rg8 26. Ng3 Qh4 27. Qf3 Qh3 28. Rg1 bxc3 29. Rxb8 Rxb8 30. Qxc3 Bxf4 31. Qc7 Rg8 32. Qxf7 Bxg3 33. Qf6+ Kh7 34. Bxg3 Nxg3+ 35. Rxg3 Rxg3 36. Qf7+ Rg7 0-1


[Site "https://www.chess.com"]

[Event "Titled Tuesday Blitz June 14 Early 2022"]
[White "Xiong, Jeffery"]
[Black "Bachmann, Axel"]
[WhiteFideId "2047640"]
[BlackFideId "3700488"]
[WhiteElo "2714"]
[BlackElo "2587"]
[Result "1-0"]
[Round "05"]
[TimeControl "180+1"]
[Date "2022.06.14"]
[WhiteClock "0:00:18"]
[BlackClock "0:00:04"]

1. d4 d5 2. Nf3 c6 3. c4 e6 4. Bg5 Be7 5. Bxe7 Qxe7 6. Nbd2 Nf6 7. g3 O-O 8. Bg2 Nbd7 9. O-O b6 10. Rc1 Bb7 11. Qb3 c5 12. Qa3 Rfe8 13. cxd5 Bxd5 14. Rfd1 a5 15. Nb1 cxd4 16. Qxe7 Rxe7 17. Nxd4 Bxg2 18. Kxg2 Nc5 19. Na3 Rd7 20. Nc4 Nd5 21. Nxb6 Nxb6 22. Rxc5 a4 23. e3 h6 24. Rdc1 g5 25. h4 gxh4 26. gxh4 Nd5 27. Kf3 Rb7 28. b3 axb3 29. axb3 Kf8 30. Rg1 Nf6 31. Rgc1 Rab8 32. Rc8+ Rxc8 33. Rxc8+ Kg7 34. Rc5 Nd5 35. Rb5 Ra7 36. Nf5+ Kg6 37. Ng3 Ra2 38. Ne4 Rb2 39. Rb7 Nf6 40. Nd6 h5 41. Rxf7 Ng4 42. Kg3 Rxb3 43. Re7 Kf6 44. Re8 Rd3 45. Ne4+ Kf7 46. Rh8 Kg6 47. Ng5 Nf6 48. Nxe6 Ne4+ 49. Kf3 Nd2+ 50. Ke2 Rd6 51. Nf4+ Kf5 52. Rxh5+ Kg4 53. Rh8 Ne4 54. f3+ 1-0


[Site "https://www.chess.com"]